Map: Submarine LE

Players

Mcglovin

  • Race: Protoss Protoss
  • Spawn Location: 11:00

jamestkirk - Winner!

  • Race: Terran Terran
  • League: Bronze
  • Spawn Location: 5:00

VOD

Have the link to the VOD?

Description

Time

  • Played on: March 31, 2021, 2:31 p.m.
  • Length: 4:13
Show
View Real Time Build Order
Export as new Build Order

Mcglovin Protoss 

Build Orders:  

Get SALT Encoding   

  12  0:00  Probe  
  13  0:16  Pylon  
  13  0:18  Probe (Chrono Boost)  
  14  0:27  Probe (Chrono Boost)  
  15  0:33  Probe  
  16  0:39  Gateway  
  16  0:45  Assimilator  
  16  0:48  Probe  
  17  1:04  Gateway  
  17  1:07  Probe  
  18  1:20  Probe  
  19  1:26  Cybernetics Core  
  19  1:33  Pylon  
  19  1:35  Probe  
  19  1:39  Pylon  
  20  1:49  Assimilator  
  20  1:53  Probe  
  21  1:58  Warp Gate (Chrono Boost), Gateway  
  21  2:11  Stalker  
  23  2:16  Stalker  
  25  2:35  Gateway  
  25  2:41  Stalker  
  27  2:46  Stalker  
  29  3:08  Pylon  
  29  3:10  Robotics Facility  
  29  3:29  Probe  
  29  3:33  Stalker  
  29  3:34  Stalker  
  34  3:36  Adept  
  34  3:40  Adept  
  38  3:49  Probe  
Show
View Real Time Build Order
Export as new Build Order

jamestkirk Terran - Winner!

Build Orders:  

Get SALT Encoding   

  12  0:01  SCV  
  13  0:13  SCV  
  14  0:18  Supply Depot  
  14  0:25  SCV  
  15  0:40  SCV  
  15  0:41  Barracks  
  16  0:52  SCV, Refinery  
  18  1:04  SCV  
  18  1:16  SCV  
  19  1:32  Orbital Command  
  19  1:33  Marine  
  19  1:39  Command Center  
  20  1:51  Marine  
  21  2:00  SCV  
  22  2:01  Factory  
  22  2:09  Marine  
  23  2:16  Supply Depot  
  23  2:25  Refinery  
  23  2:37  Bunker  
  23  2:38  SCV  
  24  2:48  Barracks Reactor  
  24  2:50  SCV  
  24  2:51  Factory Tech Lab  
  25  2:53  Barracks  
  25  2:59  Orbital Command  
  25  3:02  SCV  
  26  3:13  Supply Depot  
  26  3:14  SCV  
  26  3:16  Siege Tank  
  30  3:25  SCV  
  30  3:26  SCV  
  32  3:32  Marine x2  
  34  3:37  Supply Depot, SCV  
  34  3:38  SCV  
  36  3:43  Barracks Tech Lab  
  36  3:46  Starport  
  36  3:49  SCV  
  36  3:51  SCV  
Tags
 
League
Bronze
Matchup
PvT
Spawn Locations
Cross Positions
Add a new tag
Caveats
  • Supply blocks, unpowered buildings, or Contaminate may cause inaccurate times.
  • Supply counts are checked every 10 seconds.